 Dungeon Crawl Stone Soup version 0.24.0-125-gc4c63601f3 (webtiles) character file.

Game seed: 106992063673433852, levelgen mode: deterministic

69 Descartes the Magician (level 4, -5/24 HPs)
             Began as a Deep Elf Wizard on Mar 20, 2020.
             Slain by Natasha (6 damage)
             ... on level 2 of the Dungeon.
             The game lasted 00:03:18 (1494 turns).

Descartes the Magician (Deep Elf Wizard)            Turns: 1494, Time: 00:03:18

Health: -5/24      AC:  2    Str:  4    XL:     4   Next: 2%
Magic:  10/13      EV: 13    Int: 24    God:
Gold:   76         SH:  0    Dex: 13    Spells: 12/13 levels left

rFire    . . .     SeeInvis .   o - +0 dagger (venom)
rCold    . . .     Gourm    .   (no shield)
rNeg     . . .     Faith    .   a - +0 robe
rPois    .         Spirit   .   b - +0 hat
rElec    .         Reflect  .   (no cloak)
rCorr    .         Harm     .   (no gloves)
MR       .....                  (no boots)
Stlth    +++.......             (no amulet)
HPRegen  0.08/turn              h - ring of stealth
MPRegen  0.13/turn              (no ring)

@: no status effects
A: no striking features
a: no special abilities


You were on level 2 of the Dungeon.
You were not hungry.

You visited 1 branch of the dungeon, and saw 2 of its levels.

You collected 76 gold pieces.

Inventory:

Hand Weapons
 g - a +0 dagger
 o - a +0 dagger of venom (weapon)
Missiles
 c - 75 stones (quivered)
 e - 7 poisoned darts
Armour
 a - a +0 robe (worn)
 b - a +0 hat (worn)
Jewellery
 h - a ring of stealth (left hand)
Scrolls
 i - 3 scrolls of fear {unknown}
 k - 2 scrolls of enchant weapon {unknown}
 n - a scroll of magic mapping {unknown}
 p - a scroll of teleportation {unknown}
Potions
 f - a potion of invisibility {unknown}
 j - a potion of berserk rage {unknown}
 l - a potion of degeneration {unknown}
 m - a potion of agility {unknown}
Comestibles
 d - 2 rations
 q - 2 chunks of flesh


   Skills:
 + Level 3.1 Dodging
 + Level 3.1 Stealth
 * Level 5.2 Spellcasting
 * Level 2.6 Conjurations
   Level 1.1 Summonings
   Level 1.1 Translocations


You had 12 spell levels left.
You knew the following spells:

 Your Spells              Type           Power        Failure   Level  Hunger
a - Magic Dart            Conj           ###.         3%          1    None

Your spell library contained the following spells:

 Spells                   Type           Power        Failure   Level  Hunger
 Blink                    Tloc           N/A          9%          2    None
 Call Imp                 Summ           ##......     9%          2    None
 Slow                     Hex            #.......     13%         2    None
 Conjure Flame            Conj/Fire      ##......     16%         3    ##.....
 Mephitic Cloud           Conj/Pois/Air  ##......     19%         3    ##.....


Dungeon Overview and Level Annotations

Branches:
Dungeon (2/15)

Altars:

Annotations:
D:2 Natasha


Message History

You butcher the felid corpse of Natasha.
q - 3 chunks of flesh (gained 1)
Things that are here:
the felid skeleton of Natasha; a jackal skeleton x2
You start resting.
Eating one of 3 chunks of flesh.
You eat one of the 3 chunks of flesh.
This raw flesh tastes terrible.
Your magical contamination has completely faded away.
You start resting.
Natasha, Servant of Life and Death comes into view.
She is carrying a wand of polymorph (5).
You are too injured to fight recklessly!
Natasha mumbles some strange words.
You barely miss Natasha. Natasha claws you.
You miss Natasha.
Natasha mewls in sadness.
Natasha claws you!
* * * LOW HITPOINT WARNING * * *
You hit Natasha.
Natasha is poisoned.
Natasha is lightly wounded.
Natasha claws you.
You die...

... ..# #####. ##
..........###### # ..
............ ###
.#.#<.........# #
#.##.#.#.........[######.#
.....#.#...........h.....#
..#<.#.#.........##.....##
..#..#.#.......h.#.......#
.....#.#...##..#@#.......#
###.##.#...##..#รท##5.....#
....##.#...##..#.#.........
##.............#.#.......###
#.........##.##.#.........
#.........##........######
#.........#######
#)....###... ####### #.###


You could see Natasha.

Vanquished Creatures
  Natasha (D:2)
  An adder (D:2)
  An ooze (D:1)
  A worm (D:2)
  A dart slug (D:1)
  2 giant cockroaches (D:1)
  5 goblins (D:1)
  2 hobgoblins (D:1)
  2 jackals (D:2)
  2 ball pythons
  2 bats (D:1)
  2 frilled lizards (D:1)
  5 kobolds (D:1)
  3 rats
30 creatures vanquished.

Notes
Turn   | Place    | Note
-------+----------+-------------------------------------------
     0 | D:1      | Descartes the Deep Elf Wizard began the quest for the Orb.
     0 | D:1      | Reached XP level 1. HP: 10/10 MP: 7/7
   264 | D:1      | Reached XP level 2. HP: 15/15 MP: 6/9
  1106 | D:1      | Reached XP level 3. HP: 19/19 MP: 9/11
  1247 | D:2      | Reached skill level 5 in Spellcasting
  1423 | D:2      | Noticed Natasha
  1451 | D:2      | Killed Natasha
  1451 | D:2      | Reached XP level 4. HP: 7/24 MP: 4/13
  1490 | D:2      | Noticed Natasha
  1493 | D:2      | HP: 1/24 [Natasha (9)]
  1494 | D:2      | Slain by Natasha

Levels and vault maps discovered:
D:1:      dpeg_arrival_leaves_temple_mockup, layout_loops_ring,
          minmay_tetromino_t4
D:2:      layout_basic, grunt_gozag_breadcrumbs, minmay_misc_feat_square,
          uniq_sigmund, uniq_natasha

Skill      XL: |  1  2  3 |
---------------+----------+-----
Conjurations   | 2 |  2.6
Spellcasting   | 5 |  5.2
Stealth        | 3 |  3.1
Dodging        | 3 |  3.1
Summonings     | |  1.1
Translocations | |  1.1

Action                   |  1- 3 |  4- 6 || total
-------------------------+-------+-------++-------
Melee: Unarmed           |     5 |       ||     5
       Dagger            |    15 |     3 ||    18
 Cast: Magic Dart        |    74 |       ||    74
 Stab: Sleeping          |     1 |       ||     1
  Eat: Chunk             |     1 |     1 ||     2
Armor: Robe              |     3 |       ||     3
Dodge: Dodged            |    21 |       ||    21
